 Dungeon Crawl Stone Soup version 0.21-a0-297-ga3d34c2 (webtiles) character file.

117 Hasart the Cudgeler (level 4, -4/43 HPs)
             Began as a Deep Dwarf Fighter on Sept 28, 2017.
             Was an Initiate of Makhleb.
             Killed by divine providence
             ... invoked by an orc priest
              (13 damage)
             ... on level 4 of the Dungeon.
             The game lasted 00:05:48 (1685 turns).

Hasart the Cudgeler (Deep Dwarf Fighter)            Turns: 1685, Time: 00:05:49

Health: -4/43      AC: 10    Str: 17 (20) XL:     4   Next: 71%
Magic:  4/4        EV:  7    Int:  8 (9)  God:    Makhleb [......]
Gold:   201        SH:  8    Dex:  9 (12) Spells: 3/3 levels left

rFire    . . .     SeeInvis .   a - +0 flail
rCold    . . .     Gourm    .   c - +0 shield
rNeg     . . .     Faith    .   b - +0 scale mail
rPois    .         Spirit   .   (no helmet)
rElec    .         Reflect  .   (no cloak)
rCorr    .         Harm     .   (no gloves)
MR       .....                  y - +2 pair of boots {Stlth+}
Stlth    +.........             p - amulet of rage
HPRegen  0.00/turn              (no ring)
MPRegen  0.09/turn              (no ring)

@: non-regenerating
A: damage resistance, heal wounds, sense surroundings 1, no regeneration
a: Heal Wounds, Renounce Religion, Evoke Berserk Rage


You were on level 4 of the Dungeon.
You worshipped Makhleb.
Makhleb was noncommittal.
You were not hungry.

You visited 2 branches of the dungeon, and saw 5 of its levels.

You collected 201 gold pieces.

Inventory:

Hand Weapons
 a - a +0 flail (weapon)
Missiles
 l - 7 silver javelins (quivered)
Armour
 b - a +0 scale mail (worn)
 c - a +0 shield (worn)
 y - a +2 pair of boots of stealth (worn)
Jewellery
 p - an amulet of rage (around neck)
Wands
 s - a wand of confusion (19/48)
 C - a wand of acid (7/15)
Scrolls
 e - 2 scrolls of random uselessness {unknown}
 g - a scroll of fear {unknown}
 i - 2 scrolls of remove curse {unknown}
 k - 3 scrolls of identify {unknown}
 m - a scroll of recharging {unknown}
 n - a scroll of fog {unknown}
 q - 2 scrolls of amnesia {unknown}
 r - 4 scrolls of teleportation {unknown}
 t - a scroll of enchant weapon {unknown}
Potions
 d - 2 potions of might
 j - a potion of cancellation
 o - a potion of heal wounds {unknown}
 v - 2 potions of ambrosia {unknown}
 w - a potion of curing
 x - a potion of brilliance {unknown}
 z - 2 potions of mutation {unknown}
 B - 2 potions of invisibility {unknown}
 D - a potion of magic {unknown}
Comestibles
 f - 4 bread rations
 h - a chunk of flesh
 u - a royal jelly
 A - a meat ration


   Skills:
 + Level 3.6 Fighting
 * Level 4.1 Maces & Flails
 - Level 3.2 Armour
 - Level 3.2 Shields
 + Level 0.3 Invocations


You had 3 spell levels left.
You didn't know any spells.

Dungeon Overview and Level Annotations

Branches:
Dungeon (4/15)             Temple (1/1) D:4

Altars:
Ashenzari
Cheibriados
Gozag
Makhleb
Nemelex Xobeh
Okawaru
Qazlal
Ru
Trog
Uskayaw
Xom
Yredelemnul
Zin


Innate Abilities, Weirdness & Mutations

You are resistant to damage.
You can heal yourself by infusing magical energy.
You passively map a small area around you.
You do not regenerate.


Message History

You open the door.
There is an open door here.
A giant cockroach comes into view.
A giant cockroach is nearby!
You block the giant cockroach's attack.
You thump the giant cockroach!
You kill the giant cockroach!
Makhleb accepts your kill.
Found an escape hatch in the floor.
You open the door.
There is an open door here.
You open the door.
A leopard gecko skeleton comes into view.
There is an open door here.
A leopard gecko skeleton is nearby!
An orc and an orc priest come into view.
The orc shouts!
The orc priest shouts!
The orc priest invokes the aid of Beogh against you.
Beogh smites you!
You die...

########
#....$.#########
#......'..#....#
#.....@#..#....#
#......#..#....#
#......#..#....#
##...Z.#..##..#########
#.....#..##...........
#.....#...'...#.......
#o..o.#...#...+...>...
#.....#...#...#.......
, #..##...#.......


You could see an orc priest, an orc and a leopard gecko skeleton.

Vanquished Creatures
  4 gnolls
  2 adders (D:2)
  A worm (D:2)
  An orc (D:4)
  2 bats
  2 giant cockroaches
  12 goblins
  3 hobgoblins
  10 jackals
  5 kobolds
  A quokka (D:2)
  4 ball pythons
  2 frilled lizards
  3 rats
52 creatures vanquished.

Notes
Turn   | Place    | Note
-------+----------+-------------------------------------------
     0 | D:1      | Hasart the Deep Dwarf Fighter began the quest for the Orb.
     0 | D:1      | Reached XP level 1. HP: 20/20 MP: 1/1
   119 | D:1      | Reached XP level 2. HP: 24/27 MP: 2/2
   383 | D:1      | Reached skill level 3 in Maces & Flails
   538 | D:2      | Reached XP level 3. HP: 23/34 MP: 3/3
   605 | D:2      | Reached XP level 4. HP: 8/42 MP: 4/4
  1014 | D:3      | Reached skill level 4 in Maces & Flails
  1439 | D:4      | Found a staircase to the Ecumenical Temple.
  1458 | Temple   | Entered the Ecumenical Temple
  1532 | Temple   | Became a worshipper of Makhleb the Destroyer
  1685 | D:4      | Killed from afar by an orc priest

Vault maps used:
D:1:      sevenhm_arrival_forest_fort_large_4, kennysheep_decorative_pillar
D:4:      minmay_temple_entry_purple_smoke, first_bread, corner_web_ring,
          uniq_duvessa
Temple:   cyrus_circular_temple

Skill      XL: |  1  2  3  4 |
---------------+-------------+-----
Fighting       | 3 |  3.6
Maces & Flails | 3 4 |  4.1
Armour         | |  3.2
Shields        | |  3.2
Invocations    | |  0.3

Action                   |  1- 3 |  4- 6 || total
-------------------------+-------+-------++-------
Melee: Flail             |   113 |    75 ||   188
 Abil: Heal Wounds       |     1 |       ||     1
  Use: Potion            |       |     5 ||     5
  Eat: Chunk             |       |     3 ||     3
Armor: Scale mail        |    39 |    20 ||    59
Dodge: Dodged            |    45 |    26 ||    71
Block: Shield            |    56 |    35 ||    91

Table legend:
 A = Spawn XP
 B = Non-spawn XP
 C = Spawn XP percentage of total XP
 D = Spawn monster count
 E = Non-spawn monster count
 F = Spawn count percentage of total count
 G = Total turns spent on level
                    A         B        C        D         E        F      G
               +---------+---------+-------+---------+---------+-------+---------
         Total |       0 |     168 |   0.0 |       0 |      52 |   0.0 |  1685
               +---------+---------+-------+---------+---------+-------+---------
           D:1 |       0 |      49 |   0.0 |       0 |      20 |   0.0 |   519
           D:2 |       0 |      85 |   0.0 |       0 |      13 |   0.0 |   475
           D:3 |       0 |      27 |   0.0 |       0 |      15 |   0.0 |   426
           D:4 |       0 |       7 |   0.0 |       0 |       4 |   0.0 |   177
               +---------+---------+-------+---------+---------+-------+---------
